 Dungeon Crawl Stone Soup version 0.29-a0-468-ge57f7f99b4 (webtiles) character file.

Game seed: 16299658822495281780

10 Sabo the Firebug (level 2, 26/26 HPs)
             Began as a Gnoll Wanderer on May 21, 2022.
             Was a Follower of Kikubaaqudgha.
             Got out of the dungeon alive.
             The game lasted 00:03:16 (554 turns).

Sabo the Firebug (Gnoll Wanderer)                    Turns: 554, Time: 00:03:16

Health: 26/26      AC:  5    Str: 11    XL:     2   Next: 20%
Magic:  5/5        EV: 10    Int:  9    God:    Kikubaaqudgha [*.....]
Gold:   10         SH:  0    Dex: 13    Spells: 5/6 levels left

rFire   . . .      SeeInvis .   k - +3 dagger (venom)
rCold   . . .      Faith    .   (no shield)
rNeg    . . .      Spirit   .   n - +0 ring mail
rPois   .          Reflect  .   (no helmet)
rElec   .          Harm     .   (no cloak)
rCorr   .          Rampage  .   (no gloves)
Will    .....                   (no boots)
Stlth   +.........              (no amulet)
HPRegen 0.08/turn               (no ring)
MPRegen 0.09/turn               (no ring)

@: no status effects
A: fangs 1, strong nose, distributed training
a: Renounce Religion, Unearth Wretches


You escaped.
You worshipped Kikubaaqudgha.
Kikubaaqudgha was aware of your devotion.
You visited 1 branch of the dungeon, and saw 1 of its levels.

You collected 10 gold pieces.

Inventory:

Hand Weapons
 a - a +1 falchion
 k - a +3 dagger of venom (weapon)
Missiles
 e - 5 poisoned darts
Armour
 n - a +0 ring mail (worn)
Scrolls
 b - a scroll of blinking
 d - a scroll of silence {unknown}
 f - a scroll of enchant armour {unknown}
 h - a scroll of acquirement {unknown}
 l - a scroll of identify {unknown}
Potions
 c - a potion of flight {unknown}
 g - a potion of curing {unknown}
 i - a potion of heal wounds {unknown}
 j - a potion of lignification {unknown}
 m - a potion of mutation {unknown}


   Skills:
 + Level 4.4 Fighting
 + Level 0.3 Short Blades
 + Level 6.4 Long Blades
 + Level 0.3 Axes
 + Level 0.3 Maces & Flails
 + Level 0.3 Polearms
 + Level 0.3 Staves
 + Level 0.3 Slings
 + Level 0.3 Bows
 + Level 0.3 Crossbows
 + Level 0.3 Throwing
 + Level 0.3 Armour
 + Level 0.3 Dodging
 + Level 0.3 Stealth
 + Level 0.3 Shields
 + Level 0.3 Unarmed Combat
 + Level 2.7 Spellcasting
 + Level 0.2 Conjurations
 + Level 0.2 Hexes
 + Level 0.2 Summonings
 + Level 0.2 Necromancy
 + Level 0.2 Translocations
 + Level 0.2 Transmutations
 + Level 7.0 Fire Magic
 + Level 0.2 Ice Magic
 + Level 0.2 Air Magic
 + Level 0.2 Earth Magic
 + Level 0.2 Poison Magic
 + Level 0.4 Invocations
 + Level 0.3 Evocations


You had 5 spell levels left.
You knew the following spells:

 Your Spells              Type           Power      Damage    Failure   Level
a - Foxfire               Conj/Fire      28%        2x1d5     17%         1

Your spell library contained the following spells:

 Spells                   Type           Power      Damage    Failure   Level
 Scorch                   Fire           26%        2d6       6%          2
 Necrotize                Necr           4%         1d4       56%         1
 Ignite Poison            Fire/Tmut/Pois 5%         N/A       63%         3
 Vampiric Draining        Necr           1%         2d6       91%         3
 Anguish                  Hex/Necr       0%         N/A       100%        4
 Animate Dead             Necr           1%         N/A       100%        4


Dungeon Overview and Level Annotations

Branches:
Dungeon (1/15)

Altars:
Kikubaaqudgha


Innate Abilities, Weirdness & Mutations

You have very sharp teeth.
Your uncanny sense of smell can sniff out nearby items.
Your experience applies equally to all skills.


Message History

You hit the jackal.
The jackal is poisoned.
The jackal is moderately wounded.
The jackal bites you but does no damage.
The jackal barely misses you.
You hit the jackal.
You kill the jackal!
You see here a jackal corpse.
You start resting.
HP restored.
l - a scroll labelled KADISA KELOU
Found a fizzy orange potion.
Found a green potion.
m - a fizzy orange potion You see here a +0 ring mail.
n - a +0 ring mail You start removing your armour.
You continue taking off your +0 leather armour. x4
You finish taking off your +0 leather armour.
You start putting on your armour.
You continue putting on your +0 ring mail. x5
You finish putting on your +0 ring mail.
You drop a +0 leather armour.
c - a green potion
There is a faded altar of an unknown god here.
You cannot tell which god this altar belongs to.
Convert to them anyway?
Kikubaaqudgha accepts your prayer! Kikubaaqudgha welcomes you!
You can now bring forth the wretched and dying.
Kikubaaqudgha grants you a gift!
You add the spells Necrotize, Vampiric Draining, Anguish and Animate Dead to your library.
Found 8 gold pieces.
Okay, then.
There is an open door here.
There is an open door here.
There is an open gate here.
There is an open gate here.
There is a staircase leading out of the dungeon here.
You can't go down here!
Are you sure you want to leave the Dungeon?
This will make you lose the game!
You have escaped!

#.....###.#.# #.....#
#...# #.....# ##..#
######### #.....# #.>#
........# #.....# ##.#
........# #.###### #.#
........# #.#8.#.# #.#
........# #.#'#..# #.#
........# #..'#.@# #.#
........# ###'#..####.#
........# #8.#.#....#
........# ######.####
####.#############.#
####.............#.#######
.....###########.#.......#
...#.##### #.#######.#
##.#.....# #...#####.#


There were no monsters in sight!

Vanquished Creatures
  A dart slug (D:1)
  A bat (D:1)
  3 jackals (D:1)
  A frilled lizard (D:1)
  A goblin (D:1)
  A rat (D:1)
8 creatures vanquished.

Notes
Turn   | Place    | Note
-------+----------+-------------------------------------------
     0 | D:1      | Sabo the Gnoll Wanderer began the quest for the Orb.
     0 | D:1      | Sabo set off with the following items: a +1 falchion, a
                  | scroll of blinking, a +0 leather armour; and the following
                  | spell memorised: Foxfire; and the following spells
                  | available to memorise: Scorch, Ignite Poison
     0 | D:1      | Reached XP level 1. HP: 20/20 MP: 4/4
   359 | D:1      | Found a faded altar of an unknown god.
   368 | D:1      | Reached XP level 2. HP: 26/26 MP: 5/5
   471 | D:1      | Prayed at the altar of an unknown god.
   471 | D:1      | Became a worshipper of Kikubaaqudgha
   471 | D:1      | Reached * piety under Kikubaaqudgha
   471 | D:1      | Received a gift from Kikubaaqudgha
   554 | D:$      | Got out of the dungeon alive.

Illustrated notes

Levels and vault maps discovered:
D:1:      saegor_arrival_simple_c, layout_basic,
          hellmonk_ecumenical_altar_dog_temple

Action                   || total
-------------------------++-------
Melee: Falchion          ||    10
       Dagger            ||     7
Armor: Leather armour    ||    11
Dodge: Dodged            ||     7

Table legend: (Time is in decaauts)
 A = Elapsed time spent in this place.
 B = Non-inter-level travel time spent in this place.
 C = Inter-level travel time spent in this place.
 D = Time resting spent in this place.
 E = Time spent auto-exploring this place.
 F = Levels seen in this place.
 G = Mean time per level.
                   A        B        C        D        E       F      G
               +--------+--------+--------+--------+--------+-----+--------+
         Total |    553 |    553 |      0 |     40 |      0 |   1 |  553.0 |
       Dungeon |    553 |    553 |      0 |     40 |      0 |   1 |  553.0 |
               +--------+--------+--------+--------+--------+-----+--------+

Top non-repeatable levels by time:
     D:1: 553 daAuts
